 Dungeon Crawl Stone Soup version 0.22.1-1-ga44c0e5 (webtiles) character file.

2213 lysyklops the Covered (level 9, -3/57 HPs)
             Began as a Gargoyle Fighter on Oct 9, 2018.
             Was a Believer of Okawaru.
             Slain by a killer bee (6 damage)
             ... on level 7 of the Dungeon on Oct 13, 2018.
             The game lasted 00:14:34 (5918 turns).

lysyklops the Covered (Gargoyle Fighter)            Turns: 5918, Time: 00:14:34

Health: -3/57      AC: 18    Str: 23    XL:     9   Next: 35%
Magic:  9/9        EV:  8    Int:  9    God:    Okawaru [**....]
Gold:   381        SH: 11    Dex:  9    Spells: 8/8 levels left

rFire    . . .     SeeInvis .   D - +0 mace (holy)
rCold    . . .     Gourm    .   c - +0 shield
rNeg     + . .     Faith    .   b - +0 scale mail
rPois    ∞         Spirit   .   t - +0 helmet
rElec    +         Reflect  .   x - +0 cloak (curse)
rCorr    .         Harm     .   (no gloves)
MR       .....                  q - +0 pair of boots
Stlth    ..........             (no amulet)
HPRegen  0.19/turn              (no ring)
MPRegen  0.11/turn              (no ring)

@: no status effects
A: negative energy resistance 1, electricity resistance, unbreathing,
petrification resistance, rot immunity, AC +6
a: Heroism, Renounce Religion


You were on level 7 of the Dungeon.
You worshipped Okawaru.
Okawaru was pleased with you.
You were not hungry.

You visited 1 branch of the dungeon, and saw 7 of its levels.
You also visited: Sewer.

You collected 381 gold pieces.

Inventory:

Hand Weapons
 D - a +0 mace of holy wrath (weapon)
Armour
 b - a +0 scale mail (worn)
 c - a +0 shield (worn)
 q - a +0 pair of boots (worn)
 t - a +0 helmet (worn)
 x - a cursed +0 cloak (worn)
 E - a scarf of cloud immunity
Jewellery
 e - an uncursed amulet of the gourmand {unknown}
 k - a +1 ring of protection {unknown}
 n - an uncursed amulet of magic regeneration {unknown}
 w - an uncursed amulet of magic regeneration {unknown}
 y - an uncursed ring of magical power {unknown}
 A - a cursed ring of attention {unknown}
 F - a cursed ring of attention {unknown}
Wands
 v - a wand of acid (10)
 B - a wand of flame (35)
Scrolls
 a - a scroll of summoning {unknown}
 i - 3 scrolls of enchant weapon {unknown}
 j - 2 scrolls of amnesia {unknown}
 m - 3 scrolls of fear {unknown}
 o - 5 scrolls of teleportation
 p - 3 scrolls of fog {unknown}
 r - a scroll of blinking {unknown}
 s - 3 scrolls of remove curse {unknown}
 u - 2 scrolls of immolation {unknown}
 C - 2 scrolls of identify {unknown}
Potions
 d - a potion of might
 g - 2 potions of cancellation {unknown}
 h - 2 potions of curing {unknown}
 l - 4 potions of flight {unknown}
 z - a potion of mutation {unknown}
Comestibles
 f - 12 rations


   Skills:
 + Level 7.4 Fighting
 + Level 6.3 Maces & Flails
 + Level 7.4 Armour
 + Level 7.4 Shields


You had 8 spell levels left.
You didn't know any spells.
Your spell library contained the following spells:

 Spells                   Type           Power        Failure   Level  Hunger
 Summon Small Mammal      Summ           #...         94%         1    ##.....
 Call Imp                 Summ           #.......     98%         2    ###....
 Call Canine Familiar     Summ           #.......     100%        3    ####...
 Summon Guardian Golem    Hex/Summ       #.......     100%        3    ####...
 Summon Ice Beast         Ice/Summ       #.......     100%        4    #####..
 Summon Lightning Spire   Summ/Air       #.......     100%        4    #####..


Dungeon Overview and Level Annotations

Branches:
Dungeon (7/15)             Temple (0/1) D:4

Altars:
Ashenzari
Cheibriados
Elyvilon
Fedhas
Makhleb
Okawaru
Ru
Yredelemnul
Zin

Annotations:
D:4 3 runed doors, zapotec's ghost, novice DsGl


Innate Abilities, Weirdness & Mutations

You are resistant to torment.
Your stone body is resilient. (AC +6)
You are immune to poison.
You resist negative energy. (rN+)
You are resistant to electric shocks. (rElec)
You can survive without breathing.
You are immune to petrification.
You are immune to rotting.


Message History

You block the killer bee's attack. x2
Your shield prevents you from hitting the killer bee.
The killer bee is lightly wounded.
You block the killer bee's attack. The killer bee barely misses you.
You miss the killer bee.
The killer bee is lightly wounded.
You block the killer bee's attack. The killer bee closely misses you.
You closely miss the killer bee.
The killer bee is lightly wounded.
The killer bee stings you but does no damage. x2
The killer bee completely misses you.
You miss the killer bee.
The killer bee is lightly wounded.
You block the killer bee's attack. The killer bee stings you.
* * * LOW HITPOINT WARNING * * *
You closely miss the killer bee.
The killer bee is lightly wounded.
The killer bee stings you but does no damage.
The killer bee stings you.
You die...

#### #... #.... .....
#..... #.....###
#.......# #### #@# #..#
.. #y# ##..#.#.?..
#y###...#.#.>...
#y......#.#..#.###
#...##..#.........
####...#....(........
#.:.......#..........
#.y..........>.........
............###..........


You could see 3 killer bees.

Vanquished Creatures
  Eustachio (D:4)
  Menkaure (D:4)
  Purgy (Sewer)
  An ice beast (D:6)
  A phantom (D:4)
  3 centaurs (D:5)
  An ogre (D:5)
  2 bullfrogs
  3 scorpions (D:5)
  3 killer bees (D:7)
  3 crimson imps
  3 hounds
  A jelly (D:5)
  3 orc priests
  5 orc wizards
  Crazy Yiuf (D:4)
  3 iguanas
  A killer bee zombie (D:7)
  4 worker ants
  A howler monkey zombie (D:5)
  Robin (D:2)
  13 adders
  An adder skeleton (D:4)
  3 worms
  2 dart slugs (D:1)
  4 leopard geckos
  17 orcs
  3 giant cockroaches
  14 goblins
  9 hobgoblins
  10 jackals
  A quokka (D:5)
  4 ball pythons
  7 bats
  11 frilled lizards
  7 kobolds
  A quokka skeleton (D:6)
  10 rats
160 creatures vanquished.

Notes
Turn   | Place    | Note
-------+----------+-------------------------------------------
     0 | D:1      | lysyklops the Gargoyle Fighter began the quest for the Orb.
     0 | D:1      | Reached XP level 1. HP: 14/14 MP: 1/1
    76 | D:1      | Reached XP level 2. HP: 18/19 MP: 2/2
   926 | D:2      | Reached XP level 3. HP: 22/23 MP: 3/3
  1146 | D:2      | Found a white marble altar of Elyvilon.
  1153 | D:2      | Reached XP level 4. HP: 27/29 MP: 4/4
  1162 | D:2      | Found a sacrificial altar of Ru.
  1248 | D:2      | Found a snail-covered altar of Cheibriados.
  1288 | D:2      | Noticed Robin
  1331 | D:2      | Killed Robin
  1490 | D:2      | Found a basalt altar of Yredelemnul.
  1499 | D:2      | Found a shattered altar of Ashenzari.
  1549 | D:3      | Found an iron altar of Okawaru.
  1579 | D:3      | Became a worshipper of Warmaster Okawaru
  1628 | D:3      | Noticed a bullfrog
  1647 | D:3      | Killed a bullfrog
  1647 | D:3      | Reached XP level 5. HP: 8/34 MP: 5/5
  1934 | D:3      | Found a burning altar of Makhleb.
  2014 | D:3      | Found a glowing drain.
  2033 | Sewer    | Entered a sewer
  2193 | Sewer    | Noticed Purgy
  2228 | Sewer    | Killed Purgy
  2228 | Sewer    | Reached XP level 6. HP: 16/39 MP: 6/6
  2891 | D:4      | Found a glowing silver altar of Zin.
  2904 | D:4      | Reached * piety under Okawaru
  2904 | D:4      | Reached skill level 5 in Fighting
  2904 | D:4      | Reached skill level 5 in Armour
  2904 | D:4      | Reached skill level 5 in Shields
  2908 | D:4      | Reached XP level 7. HP: 28/44 MP: 7/7
  3065 | D:4      | Found a runed gate.
  3065 | D:4      | Found a runed gate.
  3069 | D:4      | Noticed zapotec's ghost (novice DsGl)
  3084 | D:4      | Found a blossoming altar of Fedhas.
  3258 | D:4      | Noticed Eustachio
  3314 | D:4      | Killed Eustachio
  3353 | D:4      | Found a staircase to the Ecumenical Temple.
  3410 | D:4      | Noticed Menkaure
  3420 | D:4      | Killed Menkaure
  3420 | D:4      | Reached XP level 8. HP: 42/51 MP: 8/8
  3743 | D:4      | Found a runed gate.
  3806 | D:4      | Found a runed door.
  3898 | D:4      | Noticed Crazy Yiuf
  3903 | D:4      | Killed Crazy Yiuf
  3959 | D:5      | Entered Level 5 of the Dungeon
  4000 | D:5      | Reached ** piety under Okawaru
  4000 | D:5      | Reached skill level 5 in Maces & Flails
  4873 | D:5      | Reached *** piety under Okawaru
  4991 | D:6      | Received a gift from Okawaru
  4991 | D:6      | Reached XP level 9. HP: 50/56 MP: 9/9
  5918 | D:7      | Slain by a killer bee

Skill      XL: |  1  2  3  4  5  6  7  8  9 |
---------------+----------------------------+-----
Fighting       | 4 5 6 7 |  7.4
Shields        | 4 5 6 7 |  7.4
Armour         | 4 5 6 7 |  7.4
Maces & Flails | 3 4 5 6 |  6.3

Action                   |  1- 3 |  4- 6 |  7- 9 || total
-------------------------+-------+-------+-------++-------
Melee: Flail             |   129 |   346 |   270 ||   745
       Mace              |       |       |   190 ||   190
Invok: Heroism           |       |       |     2 ||     2
  Use: Scroll            |       |     1 |       ||     1
  Eat: Chunk             |     1 |     7 |     8 ||    16
       Ration            |       |       |     1 ||     1
Armor: Scale mail        |    61 |   263 |   240 ||   564
Dodge: Dodged            |    50 |   159 |   171 ||   380
Block: Shield            |    68 |   237 |   296 ||   601
